 Dungeon Crawl Stone Soup version 0.31-a0-1057-g70f3316b05 (webtiles) character file.

Game seed: 3309869734865510952

4573 Malachi the Fighter (level 10, -1/96 (99) HPs)
             Began as an Armataur Fighter on Nov 20, 2023.
             Was a Believer of Ignis.
             Slain by a wight
             ... wielding a +5 great sword
              (16 damage)
             ... on level 8 of the Dungeon.
             The game lasted 00:11:20 (8428 turns).

Malachi the Fighter (Armataur Fighter)              Turns: 8428, Time: 00:11:21

HP:   -1/96 (99)    AC: 11    Str: 26    XL:     10   Next: 18%
MP:   10/10         EV:  5    Int:  9    God:    Ignis [**....]
Gold: 637           SH:  0    Dex:  9    Spells: 9/9 levels left

rFire   + . .        q - +4 dire flail (protect)
rCold   . . .        (shield currently unavailable)
rNeg    . . .        g - +0 plate armour
rPois   .            k - +0 helmet
rElec   .            (no cloak)
rCorr   +            p - +0 pair of gloves
SInv    .            (no barding)
Will    .....        (no amulet) Stlth
                     u - ring of resist corrosion
HPRegen 0.36/turn    (no ring)
MPRegen 0.12/turn

%: roll
@: studying Staves, lightly drained
A: large, rugged brown scales 3, deformed body, armoured tail, roll, long
tongue, awkward tongue
a: Renounce Religion, Fiery Armour, Foxfire Swarm, Rising Flame


You were on level 8 of the Dungeon.
You worshipped Ignis.
Ignis was pleased with you.
You visited 1 branch of the dungeon, and saw 8 of its levels.

You collected 637 gold pieces.

Inventory:

Hand Weapons
 a - a +0 flail
 m - a +5 battleaxe of freezing
 q - a +4 dire flail of protection (weapon)
 y - a +1 whip of electrocution
Missiles
 E - a curare-tipped dart
 G - 8 poisoned darts
Armour
 c - a +0 buckler
 g - a +0 plate armour (worn)
 k - a +0 helmet (worn)
 p - a +0 pair of gloves (worn)
Jewellery
 b - the ring "Ydeniguo" {Ice rCorr Dex-5 Slay+3}
   (You found it on level 6 of the Dungeon)

   [ring of ice]

   Ice:       It enhances your ice magic.
   Dex-5:     It affects your dexterity (-5).
   Slay+3:    It affects your accuracy & damage with ranged weapons and melee
   (+3).
   rF-:       It makes you vulnerable to fire.
   rC+:       It protects you from cold.
   rCorr:     It protects you from acid and corrosion.
 t - an amulet of faith
 u - a ring of resist corrosion (left hand)
Wands
 s - a wand of flame (31)
 v - a wand of mindburst (10)
 F - a wand of paralysis (15)
Scrolls
 e - 3 scrolls of fear
 h - 2 scrolls of poison
 i - 3 scrolls of revelation
 l - 2 scrolls of teleportation
 r - 3 scrolls of blinking
 w - a scroll of enchant armour
 x - a scroll of vulnerability
Potions
 d - 2 potions of might
 f - a potion of magic
 j - 6 potions of heal wounds
 n - 3 potions of curing
 o - 4 potions of lignification
 z - a potion of attraction
 A - a potion of degeneration
 B - 2 potions of brilliance {unknown}
 C - a potion of invisibility {unknown}
 D - a potion of haste {unknown}


   Skills:
 + Level 10.1 Fighting
 + Level 9.9 Maces & Flails
 - Level 3.6 Armour
 - Level 3.2 Shields


You had 9 spell levels left.
You didn't know any spells.
Your spell library contained the following spells:

 Spells                   Type           Power      Damage    Failure   Level
 Apportation              Tloc           0%         N/A       99%         1
 Freeze                   Ice            0%         1d3       99%         1
 Magic Dart               Conj           0%         1d3       99%         1
 Necrotise                Necr           0%         1d4       99%         1
 Shock                    Conj/Air       0%         1d3       99%         1
 Summon Small Mammal      Summ           0%         N/A       99%         1
 Call Imp                 Summ           0%         N/A       100%        2
 Cigotuvi's Dreadful Rot  Necr/Pois/Air  0%         N/A       100%        2
 Searing Ray              Conj           0%         2d4       100%        2
 Frozen Ramparts          Ice            0%         1d1       100%        3
 Hailstorm                Conj/Ice       0%         3d3       100%        3
 Mephitic Cloud           Conj/Pois/Air  0%         N/A       100%        3
 Swiftness                Air            0%         N/A       100%        3
 Airstrike                Air            0%         2d(0-16)  100%        4
 Dispel Undead            Necr           0%         3d6       100%        4
 Fulminant Prism          Conj/Hex       0%         3d5       100%        4
 Death Channel            Necr           0%         N/A       100%        6


Dungeon Overview and Level Annotations

Branches:
Dungeon (8/15)             Temple (0/1) D:7
   Lair: D:8-11

Altars:
Nemelex Xobeh
Qazlal
Zin
Ignis


Innate Abilities, Weirdness & Mutations

You are completely covered in rugged brown scales. (AC +3, +7% HP)
Armour fits poorly on your strangely shaped body.
You have a long armoured tail.
You roll when moving toward enemies. (Rampage)
Your long tongue fully drains potion bottles. (2x potion effects)
Your tongue gives you trouble enunciating. (1.5x scroll delay)


Message History

You impale the yak!!
You kill the yak!
The wight hits you but does no damage.
You sock the wight!
You destroy the wight!
The orc warrior shoots an arrow.
The arrow hits you.
You hear a shout!
An orc priest comes into view.
It is wielding a +0 hand axe and carrying a wand of mindburst.
The orc priest shouts!
You hear a bellow! x2
A wight comes into view. It is wielding a +0 dire flail.
The orc warrior shoots an arrow.
The arrow hits you but does no damage.
The orc shouts!
You hear a bellow!
The orc priest zaps a wand.
Your mind is blasted!
An orc comes into view. It is wielding a +0 club.
Unknown command.
An orc priest comes into view. It is wielding a +0 flail.
The wight attacks as it pursues you!
The wight hits you with a +5 great sword.
You feel drained. 2 yaks come into view.
The yak bellows! x2
A yak comes into view.
The orc priest casts a cantrip, but nothing happens.
The orc warrior shoots an arrow.
The arrow hits you!
A yak comes into view.
The orc priest miscasts a cantrip.
The wight hits you with a +5 great sword.
You feel drained.
An orc comes into view. It is wielding a +0 flail.
The orc priest calls down the wrath of Beogh upon you.
Beogh smites you! The wight attacks as it pursues you!
The wight hits you with a +5 great sword!
* * * LOW HITPOINT WARNING * * *
The orc priest looks encouraged for a moment.
Found a flux talisman.
The yak gores you.
* * * LOW HITPOINT WARNING * * *
There is a stone staircase leading up here.
The wight hits you with a +5 great sword!
You die...

#... #.#####.#
#.o####.# .#
#.oo.##.#####..
#..o.###z..........
.#' #?†.#######.
#.o.....# ###Yo>..#
#...#Yz..#
..o.Y.#.@..#
..#...#....# .
##.##....# ..
..+### ⌠#.....
.#.## ..#. .# #%


You could see 2 yaks, an orc warrior, 2 wights, an orc priest and 2 orcs.

Vanquished Creatures
  Pikel (D:7)
  Joseph (D:7)
  The ghost of glosham the Thaumaturge, a novice DESh of Gozag (D:4)
  A hornet (D:8)
  A yak (D:8)
  A steam dragon (D:6)
  Edmund (D:6)
  Menkaure (D:6)
  An acid dragon (D:8)
  4 water moccasins
  Duvessa (D:7)
  An ice beast (D:8)
  2 orc warriors (D:7)
  A sky beast (D:4)
  An ogre (D:7)
  4 lemures (D:7)
  A phantom (D:5)
  2 kobold brigands (D:8)
  4 scorpions
  2 bullfrogs (D:6)
  5 wights
  A wyvern skeleton (D:4)
  Dowan (D:7)
  A centaur zombie (D:4)
  2 hounds
  2 orc priests
  2 iguanas (D:5)
  A sleepcap (D:4)
  4 orc wizards
  Robin (D:2)
  12 adders
  10 gnolls
  4 white imps (D:6)
  4 ufetubi (D:6)
  6 worms
  The ghost of Azuregosa the Sneak, a weakling OpDe (D:5)
  A dart slug (D:2)
  19 orcs
  8 ball pythons
  6 endoplasms
  2 giant cockroaches
  10 goblins
  9 hobgoblins
  5 jackals
  4 quokkas
  4 bats
  2 frilled lizards (D:2)
  17 kobolds
  8 rats
184 creatures vanquished.

Vanquished Creatures (others)
  20 foxfires (D:7)
20 creatures vanquished.

Grand Total: 204 creatures vanquished

Notes
Turn   | Place    | Note
-------+----------+-------------------------------------------
     0 | D:1      | Malachi the Armataur Fighter began the quest for the Orb.
     0 | D:1      | Reached XP level 1. HP: 19/19 MP: 1/1
   204 | D:1      | Reached skill level 3 in Fighting
   207 | D:1      | Reached XP level 2. HP: 27/27 MP: 2/2
   656 | D:1      | Reached XP level 3. HP: 33/33 MP: 3/3
   967 | D:2      | Noticed Robin
   979 | D:2      | Killed Robin
  1175 | D:2      | Reached XP level 4. HP: 39/42 MP: 4/4
  1275 | D:2      | Reached skill level 4 in Fighting
  1363 | D:2      | Found a faded altar of an unknown god.
  1825 | D:2      | Prayed at the altar of an unknown god.
  1825 | D:2      | Became a worshipper of Ignis, the Dying Flame
  2091 | D:3      | Reached XP level 5. HP: 40/49 MP: 5/5
  2827 | D:4      | Found a stormy altar of Qazlal.
  2827 | D:4      | Noticed a sky beast
  2836 | D:4      | Killed a sky beast
  2911 | D:4      | Noticed a water moccasin
  2918 | D:4      | Killed a water moccasin
  2919 | D:4      | Reached skill level 5 in Fighting
  2919 | D:4      | Reached XP level 6. HP: 55/59 MP: 6/6
  3023 | D:4      | Found a sparkling altar of Nemelex Xobeh.
  3268 | D:4      | Found a runed translucent gate.
  3268 | D:4      | Found a runed translucent gate.
  3268 | D:4      | Found a runed translucent gate.
  3275 | D:4      | Noticed glosham's ghost (novice DESh)
  3320 | D:4      | Killed glosham's ghost
  3321 | D:4      | Reached skill level 6 in Fighting
  3321 | D:4      | Reached skill level 5 in Maces & Flails
  3321 | D:4      | Reached XP level 7. HP: 33/67 MP: 7/7
  3597 | D:4      | Found a glowing silver altar of Zin.
  3995 | D:5      | Entered Level 5 of the Dungeon
  4469 | D:5      | Reached XP level 8. HP: 75/75 MP: 8/8
  4722 | D:5      | Found a runed translucent door.
  4822 | D:5      | Noticed Azuregosa's ghost (weakling OpDe)
  4936 | D:5      | Killed Azuregosa's ghost
  4949 | D:5      | Found a runed translucent door.
  5073 | D:5      | Reached skill level 7 in Fighting
  5565 | D:6      | Identified the +0 robe of Weightlessness {SInv}
  5759 | D:6      | Identified the +0 flail of Orasmisch {flame, Dex+2}
  5839 | D:6      | Identified the ring "Ydeniguo" {Ice rCorr Dex-5 Slay+3}
  5981 | D:6      | Reached skill level 8 in Fighting
  6030 | D:6      | Noticed Edmund
  6062 | D:6      | Killed Edmund
  6063 | D:6      | Reached XP level 9. HP: 32/86 MP: 9/9
  6248 | D:6      | Noticed Menkaure
  6273 | D:7      | Noticed Joseph
  6718 | D:6      | Killed Menkaure
  7153 | D:7      | Killed Joseph
  7244 | D:7      | Reached skill level 9 in Fighting
  7308 | D:7      | Noticed Duvessa
  7309 | D:7      | Noticed Dowan
  7316 | D:7      | Killed Duvessa
  7329 | D:7      | Killed Dowan
  7541 | D:7      | Noticed Pikel
  7828 | D:7      | Killed Pikel
  7992 | D:7      | Found a staircase to the Ecumenical Temple.
  8204 | D:8      | Reached XP level 10. HP: 97/99 MP: 10/10
  8283 | D:8      | Reached skill level 10 in Fighting
  8428 | D:8      | Slain by a wight

Illustrated notes

Levels and vault maps discovered:
D:1:      heliophobic_arrival_enchanted_forest, layout_basic, serial_forest,
          infiniplex_forest_diagonal, infiniplex_forest_clump_double,
          infiniplex_forest_lined_room_2, infiniplex_forest_lined_3,
          infiniplex_forest_lined_1, infiniplex_forest_straight_1,
          minmay_misc_feat_enclosed, minmay_pentomino_u4
D:2:      layout_basic, chequers_ecumenical_altar_island, uniq_robin
D:3:      layout_basic
D:4:      layout_layer_cave, nicolae_qazlal_beasts_of_the_sky,
          nemelex_spade_bored_becter, mainiacjoe_overflow_surrounded_room,
          gammafunk_ghost_necromancy, minmay_manual_monolith
D:5:      layout_cave_pods, serial_park, serial_park_square3
          [serial_park_minivault_5x5_1], serial_park_paths
          [serial_park_minivault_5x5_6], serial_park_tiny_1,
          serial_park_avenue1, serial_park_tiny_pond, ebering_ghost_sewer_f
D:6:      layout_rooms, chequers_mini_garden, nicolae_tricolors, uniq_edmund,
          uniq_menkaure
D:7:      layout_rooms, lemuel_temple_firewalk_b, uniq_duvessa, uniq_joseph,
          uniq_pikel
D:8:      layout_basic, evilmike_ruin_ashenzari, dpeg_oklobed_lair, uniq_maggie

Skill      XL: |  1  2  3  4  5  6  7  8  9 10 |
---------------+-------------------------------+-----
Maces & Flails | 2 3 4 5 6 7 9 |  9.9
Fighting       | 3 4 5 6 8 9 10 | 10.1
Armour         | |  3.6
Shields        | |  3.2

Action                     |  1- 3 |  4- 6 |  7- 9 | 10-12 || total
---------------------------+-------+-------+-------+-------++-------
  Melee: Flail             |   116 |   125 |   248 |       ||   489
         Tailslap          |    15 |    18 |    43 |     1 ||    77
         Dire flail        |       |       |   112 |    51 ||   163
 Invoke: Fiery Armour      |       |     3 |     3 |       ||     6
         Foxfire Swarm     |       |       |     1 |       ||     1
    Use: Scroll            |       |     4 |    12 |       ||    16
         Potion            |       |       |     1 |       ||     1
 Armour: Scale mail        |    81 |   113 |    40 |       ||   234
         Plate armour      |       |       |   375 |    59 ||   434
  Dodge: Dodged            |    38 |    44 |    98 |     7 ||   187
  Block: Buckler           |    26 |    19 |    56 |       ||   101

Table legend: (Time is in decaauts)
 A = Elapsed time spent in this place.
 B = Non-inter-level travel time spent in this place.
 C = Inter-level travel time spent in this place.
 D = Time resting spent in this place.
 E = Time spent auto-exploring this place.
 F = Levels seen in this place.
 G = Mean time per level.
                   A        B        C        D        E       F      G
               +--------+--------+--------+--------+--------+-----+--------+
         Total |   8498 |   8231 |    267 |   1138 |   5604 |   8 | 1062.2 |
       Dungeon |   8498 |   8231 |    267 |   1138 |   5604 |   8 | 1062.2 |
               +--------+--------+--------+--------+--------+-----+--------+

Top non-repeatable levels by time:
     D:5: 1905 daAuts
     D:6: 1262 daAuts
     D:4: 1255 daAuts
     D:2: 1072 daAuts
     D:7: 1044 daAuts
     D:3: 910 daAuts
     D:1: 821 daAuts
     D:8: 225 daAuts
